 Dungeon Crawl Stone Soup version 0.31.0-11-ge490571c62 (webtiles) character file.

Game seed: 9127356010567288091

789 stipulation the Grave Robber (level 7, 0/32 HPs)
             Began as a Vine Stalker Necromancer on Jan 28, 2024.
             Slain by a gnoll
             ... wielding a +0 spear
              (4 damage)
             ... on level 5 of the Dungeon.
             The game lasted 00:06:54 (5023 turns).

stipulation the Grave Robber (VSNe)                 Turns: 5023, Time: 00:06:55

Health: 0/32       AC:  2    Str: 10    XL:     7   Next: 87%
Magic:  0/17       EV: 12    Int: 17    God:
Gold:   55         SH:  0    Dex: 15    Spells: 10/18 levels left

rFire   . . .        q - +0 dagger
rCold   . . .        (no shield)
rNeg    . . .        a - +0 robe
rPois   .            (no helmet)
rElec   +            p - scarf {+Inv}
rCorr   .            (no gloves)
SInv    .            (no boots)
Will    .....        (no amulet)
Stlth   +++          r - ring "Dih Kest" {Wiz rElec Stlth+}
HPRegen 1.05/turn    (no ring)
MPRegen 0.15/turn

%: guardian spirit, wizardry (x1)
@: studying Air Magic
A: fangs 2, regeneration 1, magic shield, antimagic bite, no potion heal 2
a: Evoke Invisibility


You were on level 5 of the Dungeon.
You visited 1 branch of the dungeon, and saw 5 of its levels.

You collected 211 gold pieces.
You spent 156 gold pieces at shops.

Inventory:

Hand Weapons
 q - a +0 dagger (weapon)
Armour
 a - a +0 robe (worn)
 p - a scarf of invisibility (worn)
Jewellery
 r - the ring "Dih Kest" (left hand) {Wiz rElec Stlth+}
   (You found it on level 4 of the Dungeon)

   [ring of wizardry]

   Wiz:       It improves your spell success rate.
   rElec:     It insulates you from electricity.
   Stlth+:    It makes you more stealthy.
Talismans
 e - a dragon-blood talisman
Wands
 u - a wand of digging (6)
Scrolls
 c - a scroll of vulnerability
 f - a scroll of teleportation
 g - 2 scrolls of poison {unknown}
 h - 2 scrolls of fog
 l - a scroll of enchant armour {unknown}
 n - 5 scrolls of identify
 s - a scroll of fear
 t - a scroll of noise
Potions
 b - a potion of magic
 d - a potion of might {unknown}
 i - a potion of haste {unknown}
 j - a potion of enlightenment {unknown}
 k - 2 potions of mutation {unknown}
 m - a potion of ambrosia {unknown}
 o - a potion of curing {unknown}


   Skills:
 - Level 1.5 Dodging
 - Level 2.4 Stealth
 + Level 6.4 Spellcasting
 + Level 7.2 Necromancy


You had 10 spell levels left.
You knew the following spells:

 Your Spells              Type           Power      Damage    Failure   Level
a - Necrotise             Necr           100%       1d9       1%          1
b - Vampiric Draining     Necr           30%        2d8       1%          3
c - Animate Dead          Necr           30%        N/A       2%          4

Your spell library contained the following spells:

 Spells                   Type           Power      Damage    Failure   Level
 Curse of Agony           Necr           30%        N/A       7%          5


Dungeon Overview and Level Annotations

Branches:
Dungeon (5/15)
 Temple: D:4-7

Altars:
Okawaru
Vehumet

Shops:
D:2 :   D:3 :   D:4 ?


Innate Abilities, Weirdness & Mutations

You have extremely sharp teeth.
Your natural rate of healing is unusually fast.
When hurt, damage is shared between your health and your magic reserves.
Your bite disrupts and absorbs the magic of your enemies.
Potions cannot restore your health.


Message History

You feel life coursing into your body.
The gnoll hits you from afar with a +0 spear!
The gnoll hits you with a +0 spear.
* * * LOW HITPOINT WARNING * * *
Things that are here:
a +0 club; a +0 halberd; a gnoll corpse
Casting: Vampiric Draining (safe; 1% risk of failure)
Confirm with . or Enter, or press ? or * to list all spells.
You don't have enough magic to cast this spell.
Unknown command.
Casting: Vampiric Draining (safe; 1% risk of failure)
Confirm with . or Enter, or press ? or * to list all spells.
Aiming: Necrotise (safe; 1% risk of failure)
Press: ? - help, Shift-Dir - straight line, f - gnoll
Aim: a gnoll, wielding a +0 spear (chance to affect: 88%)
The gnoll writhes in agony.
The gnoll hits you with a +0 spear.
* * * LOW HITPOINT WARNING * * *
Casting: Necrotise (safe; 1% risk of failure)
Confirm with . or Enter, or press ? or * to list all spells.
You don't have enough magic to cast this spell.
Unknown command.
You closely miss the gnoll. You bite the gnoll. You drain its power.
You feel invigorated.
The gnoll is heavily wounded.
The gnoll hits you with a +0 spear.
* * * LOW HITPOINT WARNING * * *
You hit the gnoll but do no damage.
The gnoll is heavily wounded.
The gnoll hits you but does no damage.
Casting: Necrotise (safe; 1% risk of failure)
Confirm with . or Enter, or press ? or * to list all spells.
Aiming: Necrotise (safe; 1% risk of failure)
Press: ? - help, Shift-Dir - straight line, f/p - gnoll
Aim: a gnoll, wielding a +0 spear (heavily wounded, chance to affect: 88%)
The gnoll writhes in agony.
The gnoll hits you with a +0 spear.
* * * LOW HITPOINT WARNING * * *
You closely miss the gnoll.
The gnoll is almost dead.
The gnoll hits you with a +0 spear.
You die...

#..... #.# #.#
#...g #.# #.# #.Z.
#######.####.# #..
#............#
#g####
#.#####.######
#g...# #.#
##.###### ####.#
#.# #........ #g#
#.# #..###.## #@#
#.# #..# #.# #.#
#.# #..# #.## #.#
#<# ##..# #...
#.###.###...###.##
#.................
#####.###...###.##
#.####.## #.#
#......####.##
######........


You could see a gnoll.

Vanquished Creatures
  A black bear (D:4)
  An ogre (D:5)
  A phantom (D:5)
  4 bombardier beetles
  3 hounds
  An orc priest (D:5)
  Ijyb (D:5)
  2 iguanas
  2 orc wizards
  2 gnolls (D:5)
  8 adders
  A dart slug (D:4)
  A ribbon worm (D:2)
  7 orcs
  3 ball pythons
  6 endoplasms
  4 giant cockroaches
  6 goblins
  5 hobgoblins
  3 jackals (D:1)
  6 kobolds
  6 quokkas
  5 bats
  2 frilled lizards (D:1)
  A rat (D:3)
82 creatures vanquished.

Vanquished Creatures (collateral kills)
  A ball python (D:1)
  An endoplasm (D:1)
  A giant cockroach (D:3)
  A jackal (D:1)
  A frilled lizard (D:3)
5 creatures vanquished.

Grand Total: 87 creatures vanquished

Notes
Turn   | Place    | Note
-------+----------+-------------------------------------------
     0 | D:1      | stipulation the Vine Stalker Necromancer began the quest
                  | for the Orb.
     0 | D:1      | Reached XP level 1. HP: 9/9 MP: 4/4
    72 | D:1      | Reached XP level 2. HP: 13/13 MP: 2/6
   709 | D:2      | Reached XP level 3. HP: 16/16 MP: 5/8
  1284 | D:2      | Found a faded altar of an unknown god.
  1479 | D:2      | Found Gefekegg's Book Shoppe.
  1637 | D:2      | Reached XP level 4. HP: 21/21 MP: 7/10
  1879 | D:3      | Found Peanenn's Book Shop.
  1987 | D:3      | Reached skill level 5 in Necromancy
  2304 | D:3      | Reached XP level 5. HP: 24/24 MP: 3/11
  3273 | D:4      | Identified the ring "Dih Kest" {Wiz rElec Stlth+}
  3437 | D:4      | Found an iron altar of Okawaru.
  3437 | D:4      | Found a radiant altar of Vehumet.
  3524 | D:4      | Reached XP level 6. HP: 26/28 MP: 6/14
  3528 | D:4      | Learned a level 3 spell: Vampiric Draining
  3533 | D:4      | Learned a level 4 spell: Animate Dead
  3703 | D:4      | Found Jul Aniss's Magic Scroll Boutique.
  3708 | D:4      | Bought a scroll of fear for 48 gold pieces
  3708 | D:4      | Bought a scroll of fog for 48 gold pieces
  3708 | D:4      | Bought a scroll of identify for 24 gold pieces
  3708 | D:4      | Bought a scroll of noise for 12 gold pieces
  3708 | D:4      | Bought a scroll of identify for 24 gold pieces
  3716 | D:4      | Reached skill level 6 in Necromancy
  3874 | D:5      | Entered Level 5 of the Dungeon
  3881 | D:4      | Reached skill level 5 in Spellcasting
  4235 | D:5      | Reached XP level 7. HP: 26/32 MP: 12/16
  4449 | D:5      | Noticed Ijyb
  4456 | D:5      | Killed Ijyb
  4770 | D:4      | Reached skill level 7 in Necromancy
  5023 | D:5      | Slain by a gnoll

Illustrated notes

Levels and vault maps discovered:
D:1:      dpeg_arrival_simpleton_c, layout_rooms
D:2:      layout_basic, serial_shops, shop, ebering_ecumenical_altar_mist
D:3:      minmay_inner_zag, layout_rooms, serial_forest,
          infiniplex_forest_lined_4_way, infiniplex_forest_lined_corner,
          infiniplex_forest_lined_room_2, infiniplex_forest_clump_curved,
          infiniplex_forest_end_3, infiniplex_forest_end_3,
          infiniplex_forest_clump_curved, infiniplex_forest_join,
          infiniplex_forest_clump_tiny, serial_shops, nicolae_shop_crystal
D:4:      layout_rooms, grunt_temple_overflow_open, serial_shops,
          nicolae_shop_hallway_plus
D:5:      layout_loops_ring, minmay_chambers_of_fives, uniq_ijyb, uniq_pikel

Skill      XL: |  1  2  3  4  5  6  7 |
---------------+----------------------+-----
Spellcasting   | 3 4 5 6 |  6.4
Necromancy     | 5 6 7 |  7.2
Dodging        | |  1.5
Stealth        | |  2.4

Action                     |  1- 3 |  4- 6 |  7- 9 || total
---------------------------+-------+-------+-------++-------
  Melee: Unarmed           |    16 |    15 |       ||    31
         Bite              |     5 |    20 |     8 ||    33
         Punch             |       |     3 |       ||     3
         Dagger            |       |    40 |    17 ||    57
   Cast: Necrotise         |    56 |   105 |    33 ||   194
         Vampiric Draining |       |       |     9 ||     9
    Use: Scroll            |     1 |     1 |       ||     2
         Potion            |       |       |     1 ||     1
   Stab: Sleeping          |       |     1 |       ||     1
 Armour: Robe              |    12 |    44 |    51 ||   107
  Dodge: Dodged            |    21 |    31 |    32 ||    84
